TEX
NORTHWEST ARKANSAS NATURALS @ FRISCO ROUGHRIDERS
05/28/2099
 
TOP OF THE 1ST
Northwest Arkansas Naturals batting - Pitching for Frisco RoughRiders : RHP Victor Huet
Pitching: RHP Victor Huet
Batting: RHB Austin Penland 0-0: Ball
1-0: Ball
2-0: Called Strike
2-1: Called Strike
2-2: Ground out 6-3 (Groundball, 6M, EV 104.4 MPH)
Batting: RHB Sam Gilpin 0-0: Called Strike
0-1: Swinging Strike
0-2: Strikes out swinging
Batting: LHB Daniel Pinedo 0-0: Foul Ball, location: 2LF
0-1: Foul Ball, location: 23F
0-2: Strikes out looking
Top of the 1st over - 0 runs, 0 hits, 0 errors, 0 left on base; Northwest Arkansas 0 - Frisco 0
BOTTOM OF THE 1ST
Frisco RoughRiders batting - Pitching for Northwest Arkansas Naturals : RHP Bill Fike
Pitching: RHP Bill Fike
Batting: LHB Jose Mejia 0-0: Ground out 4-3 (Groundball, 4, EV 90.6 MPH)
Batting: RHB Zach Baltzell 0-0: Ball
1-0: Ball
2-0: Ball
3-0: Called Strike
3-1: Foul Ball, location: 3DF
3-2: SINGLE (Groundball, 6MD, EV 100.6 MPH)
Batting: LHB B.J. Tegeler 0-0: Ball
1-0: Swinging Strike
1-1: Foul Ball, location: 5FF
1-2: Foul Ball, location: 2F
Pickoff Throw to First - Out! 1-3 CS
1-2: Ball
2-2: SINGLE (Groundball, 56S, EV 68.1 MPH) (infield hit)
Batting: LHB Paul Rodriguez 0-0: Called Strike
0-1: Foul Ball, location: 23F
0-2: Ball
1-2: Ball
2-2: DOUBLE (Flyball, 89D, EV 107.5 MPH)
B.J. Tegeler to third
Batting: RHB Mark Bray 0-0: Called Strike
0-1: Ball
1-1: Foul Ball, location: 9LMF
1-2: SINGLE (Line Drive, 9LS, EV 91.9 MPH)
B.J. Tegeler scores
Paul Rodriguez to third
Runner from 3rd tries for Home, SAFE, throw by RF to home
Batting: LHB Justin Howard 0-0: Called Strike
0-1: Swinging Strike
0-2: Strikes out swinging
Bottom of the 1st over - 2 runs, 4 hits, 0 errors, 1 left on base; Northwest Arkansas 0 - Frisco 2
TOP OF THE 2ND
Northwest Arkansas Naturals batting - Pitching for Frisco RoughRiders : RHP Victor Huet
Batting: LHB Dustin McCoy 0-0: Swinging Strike
0-1: Foul Ball, location: 2RF
0-2: Strikes out swinging
Batting: RHB Joe Austin 0-0: Fly out, F7 (Line Drive, 7, EV 86.3 MPH)
Batting: LHB Ken Campbell 0-0: Ball
1-0: Swinging Strike
1-1: Called Strike
1-2: Fly out, F5 (Popup, 5SF, EV 84.4 MPH)
Top of the 2nd over - 0 runs, 0 hits, 0 errors, 0 left on base; Northwest Arkansas 0 - Frisco 2
BOTTOM OF THE 2ND
Frisco RoughRiders batting - Pitching for Northwest Arkansas Naturals : RHP Bill Fike
Batting: RHB Aaron Cote 0-0: Ball
1-0: Ball
2-0: Called Strike
2-1: Called Strike
2-2: Ball
3-2: Ground out 1-3 (Groundball, 13, EV 60.0 MPH)
Batting: RHB Jason Perilli 0-0: Fly out, F7 (Line Drive, 7S, EV 92.5 MPH)
Batting: LHB Jaden White 0-0: Ground out 4-3 (Groundball, 34D, EV 86.9 MPH)
Bottom of the 2nd over - 0 runs, 0 hits, 0 errors, 0 left on base; Northwest Arkansas 0 - Frisco 2
TOP OF THE 3RD
Northwest Arkansas Naturals batting - Pitching for Frisco RoughRiders : RHP Victor Huet
Batting: LHB Sean Eddy 0-0: Ball
1-0: Called Strike
1-1: Swinging Strike
1-2: Ground out 3-1 (Groundball, 34S, EV 66.3 MPH)
Batting: LHB Felix Correa 0-0: Called Strike
0-1: Fly out, F4 (Line Drive, 4, EV 66.3 MPH)
Batting: RHB Hector Acosta 0-0: Ball
1-0: Foul Ball, location: 2F
1-1: Foul Ball, location: 5FF
1-2: Ball
2-2: Ground out U3 (Groundball, 34, EV 63.8 MPH)
Top of the 3rd over - 0 runs, 0 hits, 0 errors, 0 left on base; Northwest Arkansas 0 - Frisco 2
BOTTOM OF THE 3RD
Frisco RoughRiders batting - Pitching for Northwest Arkansas Naturals : RHP Bill Fike
Batting: LHB Jose Mejia 0-0: Called Strike
0-1: Ball
1-1: Ball
2-1: Ball
3-1: Base on Balls
Batting: RHB Zach Baltzell 0-0: Called Strike
0-1: Swinging Strike
0-2: Grounds into double play, 6-4-3 (Groundball, 6M, EV 95.0 MPH)
Batting: LHB B.J. Tegeler 0-0: SINGLE (Groundball, 4MD, EV 104.4 MPH)
Batting: LHB Paul Rodriguez 0-0: Ball
B.J. Tegeler steals 2nd base
1-0: Swinging Strike
1-1: Ball
2-1: Foul Ball, location: 2F
2-2: Fly out, F6 (Flyball, 56D, EV 88.1 MPH)
Bottom of the 3rd over - 0 runs, 1 hit, 0 errors, 1 left on base; Northwest Arkansas 0 - Frisco 2
TOP OF THE 4TH
Northwest Arkansas Naturals batting - Pitching for Frisco RoughRiders : RHP Victor Huet
Batting: RHB Austin Penland 0-0: Ball
1-0: Ball
2-0: Foul Ball, location: 5FF
2-1: Called Strike
2-2: Strikes out swinging
Batting: RHB Sam Gilpin 0-0: Swinging Strike
0-1: Ground out 6-3 (Groundball, 6M, EV 90.6 MPH)
Batting: LHB Daniel Pinedo 0-0: Ball
1-0: Foul Ball, location: 2F
1-1: SOLO HOME RUN (Flyball, 89XD, EV 108.1 MPH), Distance : 430 ft
Batting: LHB Dustin McCoy 0-0: Fly out, F5 (Popup, 5SF, EV 68.1 MPH)
Top of the 4th over - 1 run, 1 hit, 0 errors, 0 left on base; Northwest Arkansas 1 - Frisco 2
BOTTOM OF THE 4TH
Frisco RoughRiders batting - Pitching for Northwest Arkansas Naturals : RHP Bill Fike
Batting: RHB Mark Bray 0-0: SINGLE (Groundball, 6D, EV 105.6 MPH)
Batting: LHB Justin Howard 0-0: Called Strike
0-1: Grounds into double play, 4-6-3 (Groundball, 4, EV 108.8 MPH)
Batting: RHB Aaron Cote 0-0: Ball
1-0: Ball
2-0: Ball
3-0: Called Strike
3-1: Ground out 3-1 (Groundball, 34S, EV 83.8 MPH)
Bottom of the 4th over - 0 runs, 1 hit, 0 errors, 0 left on base; Northwest Arkansas 1 - Frisco 2
TOP OF THE 5TH
Northwest Arkansas Naturals batting - Pitching for Frisco RoughRiders : RHP Victor Huet
Batting: RHB Joe Austin 0-0: Called Strike
0-1: SINGLE (Groundball, 56, EV 105.6 MPH) (infield hit)
Batting: LHB Ken Campbell 0-0: Ball
1-0: Foul Ball, location: 25F
1-1: Fly out, F8 (Flyball, 8RM, EV 81.3 MPH)
Batting: LHB Sean Eddy 0-0: SINGLE (Groundball, 34D, EV 104.4 MPH)
Joe Austin to second
Runner from 2nd tries for 3rd, SAFE, no throw by RF
Batting: LHB Felix Correa 0-0: Called Strike
0-1: Grounds into double play, 4-6-3 (Groundball, 4, EV 96.9 MPH)
Top of the 5th over - 0 runs, 2 hits, 0 errors, 1 left on base; Northwest Arkansas 1 - Frisco 2
BOTTOM OF THE 5TH
Frisco RoughRiders batting - Pitching for Northwest Arkansas Naturals : RHP Bill Fike
Batting: RHB Jason Perilli 0-0: Ball
1-0: Ground out 3-1 (Groundball, 13, EV 83.1 MPH)
Batting: LHB Jaden White 0-0: Foul Ball, location: 2LF
0-1: Ball
1-1: Swinging Strike
1-2: SINGLE (Line Drive, 34, EV 103.1 MPH)
Batting: LHB Jose Mejia 0-0: Fly out, F6 (Popup, 6MD, EV 65.0 MPH)
Batting: RHB Zach Baltzell 0-0: SINGLE (Groundball, 6S, EV 61.3 MPH) (infield hit)
Jaden White to second
Batting: LHB B.J. Tegeler 0-0: Ball
1-0: Foul Ball, location: 2F
1-1: Foul Ball, location: 2F
1-2: DOUBLE (Line Drive, 89D, EV 106.9 MPH)
Jaden White scores
Zach Baltzell to third
Runner from 3rd tries for Home, SAFE, no throw by CF
Batting: LHB Paul Rodriguez 0-0: Called Strike
0-1: Called Strike
0-2: Strikes out swinging
Bottom of the 5th over - 2 runs, 3 hits, 0 errors, 1 left on base; Northwest Arkansas 1 - Frisco 4
TOP OF THE 6TH
Northwest Arkansas Naturals batting - Pitching for Frisco RoughRiders : RHP Victor Huet
Batting: RHB Hector Acosta 0-0: Ground out U3 (Groundball, 34, EV 85.6 MPH)
Batting: RHB Austin Penland 0-0: Called Strike
0-1: Bunted foul
0-2: Fly out, F6 (Line Drive, 6MD, EV 71.9 MPH)
Batting: RHB Sam Gilpin 0-0: Ball
1-0: Called Strike
1-1: Foul Ball, location: 2F
1-2: Strikes out looking
Top of the 6th over - 0 runs, 0 hits, 0 errors, 0 left on base; Northwest Arkansas 1 - Frisco 4
BOTTOM OF THE 6TH
Frisco RoughRiders batting - Pitching for Northwest Arkansas Naturals : RHP Bill Fike
Batting: RHB Mark Bray 0-0: Fly out, F8 (Flyball, 8RD, EV 83.8 MPH)
Batting: LHB Justin Howard 0-0: Ball
1-0: Foul Ball, location: 7LMF
1-1: Ball
2-1: Foul Ball, location: 2F
2-2: Strikes out swinging
Batting: RHB Aaron Cote 0-0: DOUBLE (Line Drive, 89D, EV 109.4 MPH)
Batting: RHB Jason Perilli 0-0: Ball
1-0: Ground out 5-3 (Groundball, 56S, EV 67.5 MPH)
Bottom of the 6th over - 0 runs, 1 hit, 0 errors, 1 left on base; Northwest Arkansas 1 - Frisco 4
TOP OF THE 7TH
Northwest Arkansas Naturals batting - Pitching for Frisco RoughRiders : RHP Victor Huet
Batting: LHB Daniel Pinedo 0-0: Called Strike
0-1: Fly out, F9 (Line Drive, 89M, EV 98.8 MPH)
Batting: LHB Dustin McCoy 0-0: SINGLE (Groundball, 6MD, EV 96.9 MPH)
Batting: RHB Joe Austin 0-0: Called Strike
0-1: DOUBLE (Groundball, 5L, EV 104.4 MPH)
Dustin McCoy to third
Batting: LHB Ken Campbell 0-0: Ball
1-0: Called Strike
1-1: Called Strike
1-2: Ground out 6-3 (Groundball, 56, EV 86.9 MPH)
Batting: LHB Sean Eddy 0-0: Swinging Strike
0-1: Foul Ball, location: 2F
0-2: Foul Ball, location: 2F
0-2: Strikes out swinging
Top of the 7th over - 0 runs, 2 hits, 0 errors, 2 left on base; Northwest Arkansas 1 - Frisco 4
BOTTOM OF THE 7TH
Frisco RoughRiders batting - Pitching for Northwest Arkansas Naturals : RHP Bill Fike
Batting: LHB Jaden White 0-0: Ball
1-0: Ball
2-0: Foul Ball, location: 3FF
2-1: SINGLE (Line Drive, 4D, EV 103.8 MPH)
Pitching: LHP Frank Breeden
Batting: LHB Jose Mejia 0-0: Foul Ball, location: 2RF
0-1: Ball
1-1: Foul Ball, location: 2F
1-2: Ball
2-2: Foul Ball, location: 2F
2-2: Grounds into double play, U3-6 (Groundball, 3L, EV 110.0 MPH)
Pitching: LHP Kyle Adams
Batting: RHB Zach Baltzell 0-0: SINGLE (Line Drive, 7LS, EV 86.3 MPH)
Batting: LHB B.J. Tegeler 0-0: Foul Ball, location: 9LMF
0-1: DOUBLE (Flyball, 8RXD, EV 110.0 MPH)
Zach Baltzell to third
Runner from 3rd tries for Home, SAFE, throw by CF to trailing runner, SAFE at third!
Batting: LHB Paul Rodriguez 0-0: Called Strike
0-1: Ball
1-1: Called Strike
1-2: Ball
2-2: Strikes out swinging
Bottom of the 7th over - 1 run, 3 hits, 0 errors, 1 left on base; Northwest Arkansas 1 - Frisco 5
TOP OF THE 8TH
Northwest Arkansas Naturals batting - Pitching for Frisco RoughRiders : RHP Victor Huet
Batting: LHB Felix Correa 0-0: Called Strike
0-1: Ball
1-1: Ground out 6-3 (Groundball, 6MD, EV 103.8 MPH)
Batting: RHB Hector Acosta 0-0: Ball
1-0: Called Strike
1-1: Ball
2-1: Fly out, F7 (Line Drive, 78M, EV 105.0 MPH)
Batting: RHB Austin Penland 0-0: Ball
1-0: Swinging Strike
1-1: Foul Ball, location: 23F
1-2: Ball
2-2: Foul Ball, location: 9LSF
2-2: Foul Ball, location: 3SF
2-2: Ball
3-2: Base on Balls
Batting: RHB Sam Gilpin 0-0: Foul Ball, location: 5F
0-1: Ball
1-1: Ball
2-1: Ball
3-1: Foul Ball, location: 9LMF
3-2: Ground out 6-3 (Groundball, 56, EV 93.8 MPH)
Top of the 8th over - 0 runs, 0 hits, 0 errors, 1 left on base; Northwest Arkansas 1 - Frisco 5
BOTTOM OF THE 8TH
Frisco RoughRiders batting - Pitching for Northwest Arkansas Naturals : LHP Kyle Adams
Batting: RHB Mark Bray 0-0: Called Strike
0-1: Ground out 5-3 (Groundball, 5, EV 110.6 MPH)
Batting: LHB Justin Howard 0-0: Ball
1-0: Ball
2-0: Ball
3-0: Called Strike
3-1: Called Strike
3-2: Ground out 6-3 (Groundball, 6, EV 107.5 MPH)
Batting: RHB Aaron Cote 0-0: Ball
1-0: Foul Ball, location: 2LF
1-1: Foul Ball, location: 3F
1-2: Foul Ball, location: 2F
1-2: Ball
2-2: Ball
3-2: Foul Ball, location: 2F
3-2: Foul Ball, location: 2F
3-2: Base on Balls
Batting: RHB Jason Perilli 0-0: Called Strike
0-1: Swinging Strike
0-2: Ball
1-2: Strikes out swinging
Bottom of the 8th over - 0 runs, 0 hits, 0 errors, 1 left on base; Northwest Arkansas 1 - Frisco 5
TOP OF THE 9TH
Northwest Arkansas Naturals batting - Pitching for Frisco RoughRiders : RHP Victor Huet
Batting: LHB Daniel Pinedo 0-0: Ball
1-0: Swinging Strike
1-1: Called Strike
1-2: Ball
2-2: Foul Ball, location: 7LDF
2-2: SINGLE (Line Drive, 7LS, EV 88.8 MPH)
Batting: LHB Dustin McCoy 0-0: Ball
1-0: Ground out 4-3 (Groundball, 13, EV 79.4 MPH)
Daniel Pinedo to second
Batting: RHB Joe Austin 0-0: Foul Ball, location: 2F
0-1: Ball
1-1: Ball
2-1: Called Strike
2-2: Ball
3-2: Ground out 5-3 (Groundball, 56S, EV 90.0 MPH)
Batting: LHB Ken Campbell 0-0: Ball
1-0: Ball
2-0: Called Strike
2-1: SINGLE (Line Drive, 78M, EV 105.0 MPH)
Daniel Pinedo to third
Pitching: RHP Carlos Figueroa
Batting: LHB Sean Eddy 0-0: Ball
Wild Pitch!
Daniel Pinedo scores
Ken Campbell to second
1-0: Reached on error, E5 (Groundball, 5, EV 85.0 MPH)
Ken Campbell to third
Batting: LHB Felix Correa 0-0: Ball
1-0: Foul Ball, location: 7LDF
1-1: Swinging Strike
1-2: Strikes out looking
Top of the 9th over - 1 run, 2 hits, 1 error, 2 left on base; Northwest Arkansas 2 - Frisco 5
Tuesday, May 7th , 2024 - OOTP Baseball 24.11 Build 85